 Dungeon Crawl Stone Soup version 0.28.0-47-ge53b351184 (webtiles) character file.

Game seed: 58561097792472071

22 bobregger the Skirmisher (level 2, -2/32 HPs)
             Began as an Ogre Berserker on May 6, 2022.
             Was a Follower of Trog.
             Slain by a gnoll
             ... wielding a +0 flail
              (10 damage)
             ... on level 1 of the Dungeon.
             The game lasted 00:00:38 (924 turns).

bobregger the Skirmisher (Ogre Berserker)            Turns: 924, Time: 00:00:39

Health: -2/32      AC:  3    Str: 20    XL:     2   Next: 91%
Magic:  2/2        EV: 10    Int:  8    God:    Trog [*.....]
Gold:   18         SH:  0    Dex:  8    Spells: 1/1 levels left

rFire   . . .      SeeInvis .   a - +0 mace
rCold   . . .      Faith    .   (no shield)
rNeg    . . .      Spirit   .   b - +0 animal skin
rPois   .          Reflect  .   (helmet restricted)
rElec   .          Harm     .   (no cloak)
rCorr   .          Rampage  .   (gloves unavailable)
Will    .....                   (boots unavailable)
Stlth   +.........              (no amulet)
HPRegen 0.10/turn               (no ring)
MPRegen 0.08/turn               (no ring)

@: no status effects
A: large, unfitting armour, tough skin 1
a: Renounce Religion, Berserk


You were on level 1 of the Dungeon.
You worshipped Trog.
Trog was aware of your devotion.
You visited 1 branch of the dungeon, and saw 1 of its levels.

You collected 18 gold pieces.

Inventory:

Hand Weapons
 a - a +0 mace (weapon)
Armour
 b - a +0 animal skin (worn)
 c - a +0 cloak
Scrolls
 d - a scroll of teleportation {unknown}
 f - a scroll of holy word {unknown}
Potions
 e - a potion of haste {unknown}
 g - a potion of lignification {unknown}


   Skills:
 - Level 4.0 Fighting
 + Level 3.6 Maces & Flails
 - Level 2.6 Dodging


You had one spell level left.
You didn't know any spells.
Your spell library was empty.

Dungeon Overview and Level Annotations

Branches:
Dungeon (1/15)

Altars:


Innate Abilities, Weirdness & Mutations

You are too large for most types of armour.
You have tough skin. (AC +1)


Message History

The endoplasm hits you.
You hit the endoplasm but do no damage.
The endoplasm is heavily wounded.
The endoplasm closely misses you.
You thump the endoplasm!
You kill the endoplasm!
Trog accepts your kill.
Items here: ( ) †††.
There is an open door here.
f - a scroll labelled ELAIHI ERPH You now have 18 gold pieces (gained 12).
g - a bubbling brown potion
Found a hand axe.
You see here a +0 hand axe.
A gnoll comes into view. It is wielding a +0 flail.
A gnoll is nearby!
A gnoll is nearby!
You hit the gnoll.
The gnoll is lightly wounded.
The gnoll hits you with a +0 flail.
You barely miss the gnoll.
The gnoll is lightly wounded.
The gnoll hits you with a +0 flail.
You closely miss the gnoll.
The gnoll is lightly wounded.
The gnoll closely misses you.
You hit the gnoll but do no damage.
The gnoll is lightly wounded.
The gnoll closely misses you.
You sock the gnoll!
The gnoll is severely wounded.
The gnoll hits you with a +0 flail. x2
You hit the gnoll.
The gnoll is severely wounded.
The gnoll hits you with a +0 flail!
* * * LOW HITPOINT WARNING * * *
You closely miss the gnoll.
The gnoll is severely wounded.
The gnoll hits you with a +0 flail!
You die...

#............##
####.........#####
#............)#
#........####.#
#........# #.#
#........####.#
#.............#
#.........#####
#............@#
#############g#
#.# #.# #.. ###


You could see a gnoll.

Vanquished Creatures
  A dart slug (D:1)
  2 endoplasms (D:1)
  A goblin (D:1)
  7 hobgoblins (D:1)
  2 ball pythons (D:1)
  A bat (D:1)
  A frilled lizard (D:1)
  2 kobolds (D:1)
  2 rats (D:1)
19 creatures vanquished.

Notes
Turn   | Place    | Note
-------+----------+-------------------------------------------
     0 | D:1      | bobregger the Ogre Berserker began the quest for the Orb.
     0 | D:1      | Reached XP level 1. HP: 24/24 MP: 1/1
   265 | D:1      | Found a faded altar of an unknown god.
   285 | D:1      | Reached XP level 2. HP: 20/32 MP: 2/2
   924 | D:1      | Slain by a gnoll

Illustrated notes

Levels and vault maps discovered:
D:1:      dpeg_arrival_fog, layout_basic, shapermc_ecumenical_altar_mp_highgroup

Skill      XL: |  1 |
---------------+----+-----
Maces & Flails | 3 |  3.6
Fighting       | |  4.0
Dodging        | |  2.6

Action                   || total
-------------------------++-------
Melee: Mace              ||    78
Armor: Animal skin       ||    32
Dodge: Dodged            ||    44
